AoeStats
← paultse

Nomad

510313315Analyzed
4v4 RM · 1d ago on Sep 30, 2026· 51m 25s· 8 players
Game mode
Random Map
Map size
231×231
Population
200
Speed
Normal
Resources
Standard
Victory
Conquest
Starting age
Dark Age
Ending age
Imperial Age
RankedLock teamsTeams togetherTeam positionsShared explorationLock speedFull tech treeHidden civsTurbo modeCheats
Victory
Defeat
🇨🇳 Berbers · China
1221
+14
🇨🇳 Jurchens · China
1218
+14
🇨🇳 Persians · China
1197
+15
🇨🇳 Slavs · China
1183
+16
🇨🇳 Mongols · China
1237
-16
🇭🇰 Spanish · Hong Kong SAR China
1178
-15
🇵🇱 Persians · Poland
1176
-15
🇫🇷 Italians · France
1136
-13
老k
4:41 Loom
15:38 Feudal Age
16:24 Double-Bit Axe
16:20 Horse Collar
16:35 Stone Mining
17:06 Gold Mining
19:18 Castle Age
18:02 Wheelbarrow
18:47 Town Watch
18:53 Fletching
19:04 Padded Archer Armor
18:50 Fishing Lines
20:33 Bodkin Arrow
20:54 Leather Archer Armor
20:41 Heavy Plow
20:36 Gillnets
21:52 Bow Saw
24:25 Ballistics
29:01 Gold Shaft Mining
29:34 Kasbah
31:16 Hand Cart
32:24 Scale Barding Armor
32:29 Forging
35:31 Imperial Age
34:16 Stone Shaft Mining
35:41 Masonry
36:13 Chain Barding Armor
36:29 Iron Casting
36:33 Bracer
37:34 Chemistry
37:08 Ring Archer Armor
37:37 Chain Barding Armor
37:52 Iron Casting
37:19 Husbandry
37:30 Bloodlines
38:18 Conscription
38:00 Maghrebi Camels
37:21 Elite Camel Archer
37:35 Light Cavalry
38:15 Heavy Camel Rider
42:41 Crop Rotation
43:20 Hussar
47:13 Plate Barding Armor
50:34 Hoardings
不知天上水
14:42 Feudal Age
16:38 Double-Bit Axe
19:33 Castle Age
17:25 Gold Mining
17:23 Fishing Lines
21:16 Bow Saw
21:46 Gold Shaft Mining
21:04 Pikeman
22:04 Pikeman
25:10 Fletching
26:59 Wheelbarrow
26:12 Loom
34:42 Fletching
36:00 Wheelbarrow
37:18 Bodkin Arrow
37:24 Scale Mail Armor
37:35 Forging
40:53 Hand Cart
44:05 Imperial Age
42:19 Squires
42:39 Chain Mail Armor
43:52 Iron Casting
44:06 Capped Ram
44:47 Halberdier
45:41 Heavy Scorpion
47:42 Blast Furnace
48:08 Plate Mail Armor
50:27 Padded Archer Armor
muui
5:19 Loom
14:31 Feudal Age
15:05 Town Watch
19:33 Wheelbarrow
22:57 Castle Age
23:08 Double-Bit Axe
24:51 Bow Saw
27:56 Horse Collar
28:43 Forging
28:39 Scale Barding Armor
30:28 Padded Archer Armor
31:44 Hand Cart
33:46 Fishing Lines
35:18 Gillnets
37:57 Town Patrol
43:51 Imperial Age
42:13 Gold Mining
42:13 Stone Mining
43:42 Scale Mail Armor
44:07 Treadmill Crane
45:10 Gold Shaft Mining
45:10 Stone Shaft Mining
44:25 Elite Fire Lancer
46:15 Two-Man Saw
46:03 Iron Casting
45:43 Chain Mail Armor
45:50 Chain Barding Armor
45:27 Capped Ram
46:19 Squires
46:04 Arson
46:41 Siege Engineers
47:37 Chemistry
46:53 Siege Ram
49:00 Clinker Construction
49:55 Gambesons
49:33 Heavy Rocket Cart
49:34 Pikeman
diudiudiu丶
5:23 Loom
13:01 Feudal Age
16:44 Fishing Lines
19:46 Castle Age
18:14 Double-Bit Axe
18:16 Horse Collar
19:50 Wheelbarrow
21:00 Scale Barding Armor
20:54 Gold Mining
21:25 Gillnets
23:01 Husbandry
23:12 Bloodlines
27:10 Gold Shaft Mining
34:37 Forging
37:28 Hand Cart
42:29 Imperial Age
41:26 Iron Casting
41:36 Chain Barding Armor
41:06 Elite Skirmisher
42:24 Cavalier
44:54 Conscription
45:14 Savar
48:45 Fletching
49:31 Plate Barding Armor
48:49 Fletching
51:11 Kamandaran
52:01 Coinage
Launger
8:57 Loom
13:47 Feudal Age
19:25 Castle Age
18:27 Double-Bit Axe
22:06 Bow Saw
23:57 Town Watch
24:47 Wheelbarrow
25:48 Stone Mining
31:37 Scale Barding Armor
31:42 Forging
32:22 Light Cavalry
34:44 Bloodlines
34:35 Husbandry
36:32 Hand Cart
38:32 Chain Barding Armor
43:00 Imperial Age
40:57 Gold Mining
43:27 Forging
43:08 Fletching
43:28 Town Patrol
44:02 Cavalier
44:20 Heavy Camel Rider
49:05 Bodkin Arrow
tretts
9:01 Loom
14:36 Feudal Age
19:15 Castle Age
17:40 Horse Collar
18:32 Double-Bit Axe
19:23 Fletching
19:34 Padded Archer Armor
24:09 Ballistics
29:56 Imperial Age
29:09 Bodkin Arrow
34:48 Bodkin Arrow
35:08 Elite Skirmisher
36:48 Thumb Ring
41:38 Chemistry
42:22 Bracer
42:40 Leather Archer Armor
46:06 Light Cavalry
48:09 Conscription
paultse
15:44 Feudal Age
14:00 Loom
20:34 Castle Age
19:08 Double-Bit Axe
20:12 Fishing Lines
20:27 Stone Mining
24:35 Fletching
26:47 Wheelbarrow
26:25 Bow Saw
29:00 Gold Mining
28:53 Horse Collar
35:38 Imperial Age
36:28 Scale Barding Armor
36:34 Forging
36:37 Bloodlines
36:28 Husbandry
36:22 Gillnets
36:55 Hand Cart
37:46 Padded Archer Armor
37:42 Bodkin Arrow
38:55 Ballistics
39:35 Chemistry
40:01 Pikeman
40:27 Gambesons
40:42 Squires
40:27 Arson
42:41 Town Watch
43:46 Scale Mail Armor
44:30 Chain Barding Armor
44:49 Iron Casting
44:06 Halberdier
46:48 Elite Conquistador
48:05 Inquisition
48:26 Chain Mail Armor
你好骚啊
7:38 Loom
13:58 Feudal Age
18:03 Castle Age
16:08 Double-Bit Axe
16:33 Fletching
16:33 Horse Collar
18:12 Loom
18:31 Padded Archer Armor
18:56 Bodkin Arrow
19:33 Bow Saw
22:41 Ballistics
23:06 Heavy Plow
Connection lost

Rejoining the realm…

Still unreachable

The connection could not be restored.

Session expired

The server has moved on; the page needs a fresh start.